 Dungeon Crawl Stone Soup version 0.17-a0-744-gaa96792 (webtiles) character file.

6 RobertPalmer the Insei (level 1, -1/18 HPs)
             Began as a Demonspawn Chaos Knight on Apr 21, 2015.
             Succumbed to a kobold's poison
             ... on level 1 of the Dungeon.
             The game lasted 00:00:29 (99 turns).

RobertPalmer the Insei (Demonspawn Chaos Knight)      Turns: 99, Time: 00:00:30

Health: -1/18      AC:  5    Str: 12    XL:     1   Next: 75%
Magic:  1/1        EV: 11    Int: 13    God:    Xom [..*...]
Gold:   14         SH:  0    Dex: 12    Spells: 0 memorised, 0 levels left

rFire  . . .     SeeInvis .       - Unarmed
rCold  . . .     Clarity  .     a - +2 leather armour
rNeg   . . .     SustAb   .     (no shield)
rPois  .         Gourm    .     (helmet restricted)
rElec  .         Spirit   .     (no cloak)
rCorr  .         Warding  .     (no gloves)
rMut   .         Stasis   .     (no boots)
MR     .....                    (no amulet)
Stlth  +.........               (no ring)
                                (no ring)

@: lethally poisoned (-1 -> -34), not resistant to hostile enchantments, very
unstealthy
A: antennae 1
a: Renounce Religion


You were on level 1 of the Dungeon.
You worshipped Xom.
You were a toy of Xom.
You were not hungry.

You visited 1 branch of the dungeon, and saw 1 of its levels.

You collected 14 gold pieces.

Inventory:

Hand weapons
 c - a +0 club
   (You took it off a hobgoblin on level 1 of the Dungeon)
Armour
 a - a +2 leather armour (worn)
Scrolls
 e - a scroll of remove curse {unknown}
 f - a scroll of teleportation {unknown}
 g - a scroll of immolation {unknown}
Comestibles
 b - a bread ration {@e1}


   Skills:
 - Level 3.0 Fighting
 - Level 1.7 Armour
 - Level 0.8 Dodging
 + Level 3.1 Unarmed Combat


You couldn't memorise any spells.
You didn't know any spells.

Dungeon Overview and Level Annotations

Branches:
Dungeon (1/15)

Altars:


Innate Abilities, Weirdness & Mutations

You have a pair of small antennae on your head.


Message History

The teleport trap disappears.
Your surroundings suddenly seem different.
No target in view!
No target in view!
No target in view!
No target in view!
You see here 28 stones.
A bat comes into view.
A bat is nearby!
A bat is nearby!
A bat is nearby!
The bat misses you. The bat barely misses you.
You miss the bat. The bat barely misses you.
You completely miss the bat. The bat closely misses you.
The bat hits you but does no damage. The bat barely misses you.
The bat hits you but does no damage.
You hit the bat. The bat barely misses you.
The bat hits you but does no damage.
You barely miss the bat. The bat closely misses you.
Health restored: 18 You hit the bat.
You kill the bat!
No target in view!
No target in view!
f - a scroll labeled NOPAMM VODO A bat comes into view.
A bat is nearby!
A bat is nearby!
A bat is nearby!
The bat barely misses you.
You hit the bat. You punch the bat.
You kill the bat!
Your Unarmed Combat skill increases to level 3!
No target in view!
No target in view!
You now have 14 gold pieces.
A giant newt comes into view.
A giant newt is nearby!
A giant newt is nearby!
A giant newt is nearby!
You hit the giant newt.
You kill the giant newt!
No target in view!
No target in view!
Found a stone staircase leading down.
Xom's attention almost turns to you for a moment.
Wisps of smoke drift from your feet.
Found a stone staircase leading down.
g - a scroll labeled HUNEFFI RIDICK A kobold comes into view.
It is wielding a short sword of venom.
The kobold shouts!
A kobold is nearby!
A kobold is nearby!
A kobold is nearby!
No target in view!
No target in view!
No target in view!
A hobgoblin comes into view.
The hobgoblin shouts!
A rat comes into view.
You hit the kobold.
The kobold hits you with a short sword of venom.
You are poisoned.
You take 5 damage, and have 13/18 hp.
MASSIVE DAMAGE!!
Unknown command.
You hit the kobold but do no damage.
You feel sick.
The kobold hits you with a short sword of venom.
You are more poisoned.
You take 5 damage, and have 8/18 hp.
MASSIVE DAMAGE!!
Drink which item? (? for menu, Esc to quit)
It was a potion of mutation.
You feel extremely strange.
You feel stronger.
You feel weaker. A pair of antennae grows on your head!
You feel sick. The kobold hits you but does no damage.
You take 2 damage, and have 6/18 hp.
Unknown command.
Unknown command.
You closely miss the kobold.
* * * LOW HITPOINT WARNING * * *
You feel sick. The kobold closely misses you.
You take 2 damage, and have 4/18 hp.
Unknown command.
Unknown command.
You barely miss the kobold. You punch the kobold, but do no damage.
* * * LOW HITPOINT WARNING * * *
You feel sick.
You take 2 damage, and have 2/18 hp.
You barely miss the kobold.
* * * LOW HITPOINT WARNING * * *
You feel sick. The kobold hits you but does no damage.
You are more poisoned.
You take 1 damage, and have 1/18 hp.
You hit the kobold.
You kill the kobold!
You die...
Xom roars with laughter!

####.#.###..####....
...#..#..............
...............####... .
...>......###.####.#.
.........>...###......##
......##.......######.##
..... ##................
......r#....#..##........
#...g)@...##.#######...
#..###.##.##.# #..... #
#..##.##.. ......
#.###.##... ..... #.
#.##.#. #..## .. #.##..
#..#8 .#. . .#. .. #8 .
##


You could see a hobgoblin and a rat.

Vanquished Creatures
  2 bats (D:1)
  A hobgoblin (D:1)
  A kobold (D:1)
  A giant newt (D:1)
5 creatures vanquished.

Notes
Turn   | Place    | Note
--------------------------------------------------------------
     0 | D:1      | RobertPalmer, the Demonspawn Chaos Knight, began the quest for the Orb.
     0 | D:1      | Reached XP level 1. HP: 18/18 MP: 1/1
    49 | D:1      | Reached skill level 3 in Unarmed Combat
    75 | D:1      | XOM: harmless Fire miscast
    95 | D:1      | Gained mutation: Your muscles are strong. (Str +2) [potion of mutation]
    95 | D:1      | Lost mutation: Your muscles are strong. (Str +2) [potion of mutation]
    95 | D:1      | Gained mutation: You have a pair of small antennae on your head. [potion of mutation]
    96 | D:1      | HP: 4/18 [poisoned by a kobold]
    98 | D:1      | HP: 1/18 [poisoned by a kobold]
    99 | D:1      | Succumbed to a kobold's poison

Action                   || total
-------------------------++-------
Melee: Unarmed           ||    15
  Use: Potion            ||     1

Vault maps used:
D:1:      mrwooster_arrival_statue_2

Table legend:
 A = Turns spent in this place as a percentage of turns spent in the entire game.
 B = Non-inter-level travel turns spent in this place as a percentage of non-inter-level travel turns spent in the entire game.
 C = Inter-level travel turns spent in this place as a percentage of turns spent in this place.
 D = Turns resting spent in this place as a percentage of non-inter-level travel turns spent in this place.
 E = Turns spent auto-exploring this place as a percentage of non-inter-level travel turns spent in this place.
 F = Non-inter-level travel turns spent in this place divided by the number of levels of this place that you've seen.
                   A       B       C       D       E      F
               +-------+-------+-------+-------+-------+----------------------
         Total | 100.0 | 100.0 |   0.0 |   0.0 |  16.5 |  79.0
       Dungeon | 100.0 | 100.0 |   0.0 |   0.0 |  16.5 |  79.0
               +-------+-------+-------+-------+-------+----------------------

Table legend:
 A = Kills in this place as a percentage of kills in entire the game.
 B = Kills by you in this place as a percentage of kills by you in the entire game.
 C = Kills by friends in this place as a percentage of kills by friends in the entire game.
 D = Other kills in this place as a percentage of other kills in the entire game.
 E = Experience gained in this place as a percentage of experience gained in the entire game.
 F = Experience gained in this place divided by the number of levels of this place that you have seen.
                   A       B       C       D       E      F
               +-------+-------+-------+-------+-------+----------------------
         Total | 100.0 | 100.0 |  -nan |  -nan | 100.0 |   9.0
       Dungeon | 100.0 | 100.0 |  -nan |  -nan | 100.0 |   9.0
               +-------+-------+-------+-------+-------+----------------------
